 Dungeon Crawl Stone Soup version 0.28-a0-750-g7c675f85b1 (webtiles) character file.

Game seed: 11515367523325707520

163 KoroneIsBestGirl the Skirmisher (level 5, 0/37 HPs)
             Began as an Octopode Fighter on Oct 29, 2021.
             Succumbed to a goblin's poison
             ... on level 3 of the Dungeon.
             The game lasted 00:02:38 (1992 turns).

KoroneIsBestGirl the Skirmisher (Octopode Fighter)  Turns: 1992, Time: 00:02:38

Health: 0/37       AC:  1    Str: 17    XL:     5   Next: 44%
Magic:  5/5        EV: 14    Int: 10    God:
Gold:   118        SH:  4    Dex: 11    Spells: 4/4 levels left

rFire   . . .      SeeInvis .   a - +0 trident
rCold   . . .      Faith    .   b - +0 buckler
rNeg    . . .      Spirit   .   (helmet restricted)
rPois   .          Reflect  .   (no amulet)
rElec   .          Harm     .   (no ring)
rCorr   .          Rampage  .   (no ring)
Will    .....                   (no ring)
Stlth   ++........              (no ring)
HPRegen 0.12/turn               (no ring)
MPRegen 0.09/turn               (no ring)
                                (no ring)
                                (no ring)

@: lethally poisoned (0 -> -2)
A: almost no armour, amphibious, 8 rings, camouflage 1, gelatinous body 1,
(nimble swimmer 1), tentacles
a: no special abilities


You were on level 3 of the Dungeon.
You visited 1 branch of the dungeon, and saw 3 of its levels.

You collected 118 gold pieces.

Inventory:

Hand Weapons
 a - a +0 trident (weapon)
Missiles
 f - a throwing net (quivered)
Armour
 b - a +0 buckler (worn)
Scrolls
 d - 2 scrolls of identify {unknown}
 e - a scroll of blinking {unknown}
 g - a scroll of vulnerability {unknown}
 h - a scroll of enchant weapon {unknown}
 i - a scroll of immolation {unknown}
 j - a scroll of magic mapping {unknown}
 k - a scroll of noise {unknown}


   Skills:
 + Level 3.9 Fighting
 + Level 3.1 Polearms
 + Level 3.9 Dodging
 + Level 3.9 Shields


You had 4 spell levels left.
You didn't know any spells.
Your spell library was empty.

Dungeon Overview and Level Annotations

Branches:
Dungeon (3/15)

Altars:


Innate Abilities, Weirdness & Mutations

You cannot wear most types of armour.
You are amphibious.
You can wear up to eight rings at the same time.
Your skin changes colour to match your surroundings (Stealth+).
Your rubbery body absorbs attacks. (AC +1, EV +1)
((You are camouflaged near water. (Stealth+)))
You have tentacles for arms and can constrict up to eight enemies at once.


Message History

Robin roars a battlecry!
The goblin goes into a battle-frenzy!
A goblin comes into view. It is wielding a +0 club.
The goblin shouts!
Reach: a) +0 trident
Press: ? - help, Dir - move target, f/p - Robin
Aim: Robin, wielding a +1 dagger of draining, wearing a +0 animal skin and wearing a +0 helmet (lightly wounded, about 36% to evade your +0 trident)
You hit Robin. You grab Robin.
Robin is heavily wounded.
You constrict Robin.
You feel sick.
Robin hits you with a +1 dagger of draining.
* * * LOW HITPOINT WARNING * * *
You feel drained.
* * * LOW HITPOINT WARNING * * *
Reach: a) +0 trident
Press: ? - help, Dir - move target, f/p - Robin
Aim: Robin, wielding a +1 dagger of draining, wearing a +0 animal skin and wearing a +0 helmet (heavily wounded, constricted by you, about 7% to evade your +0 trident)
You hit Robin but do no damage.
Robin is heavily wounded.
You constrict Robin.
* * * LOW HITPOINT WARNING * * *
You feel sick. Robin misses you.
Reach: a) +0 trident
Press: ? - help, Dir - move target, f/p - Robin
Aim: Robin, wielding a +1 dagger of draining, wearing a +0 animal skin and wearing a +0 helmet (heavily wounded, constricted by you, about 7% to evade your +0 trident)
You puncture Robin!
You kill Robin!
* * * LOW HITPOINT WARNING * * *
You feel sick.
Your life force feels restored.
You aren't carrying any potions.
You aren't carrying any potions.
You puncture the goblin!
You kill the goblin!
* * * LOW HITPOINT WARNING * * *
You feel sick.
You hit the goblin. Your grab misses the goblin.
Your squeeze misses the goblin.
The goblin is severely wounded.
You die...

#.....### ....
###....g###g..##
####.###......g.....g
.............)#.#.#..
.#...###....g.# #
.....$........#
..#..##.#####.# # #)#
#.# #@# #..
#)g....### #..###.#
...# ##.# .# ##


You could see a goblin.

Vanquished Creatures
  Natasha (thrice) (D:2)
  Robin (D:3)
  2 adders (D:2)
  A dart slug (D:1)
  2 ball pythons
  2 bats
  5 endoplasms
  2 giant cockroaches (D:2)
  16 goblins
  2 hobgoblins
  3 jackals (D:1)
  A quokka (D:1)
  5 frilled lizards
  4 kobolds
  5 rats
54 creatures vanquished.

Notes
Turn   | Place    | Note
-------+----------+-------------------------------------------
     0 | D:1      | KoroneIsBestGirl the Octopode Fighter began the quest for
                  | the Orb.
     0 | D:1      | Reached XP level 1. HP: 16/16 MP: 1/1
   171 | D:1      | Reached XP level 2. HP: 12/21 MP: 2/2
  1123 | D:2      | Reached XP level 3. HP: 23/26 MP: 3/3
  1240 | D:2      | Found a faded altar of an unknown god.
  1536 | D:2      | Noticed Natasha
  1551 | D:2      | Reached XP level 4. HP: 11/31 MP: 4/4
  1555 | D:2      | Killed Natasha
  1772 | D:2      | Noticed Natasha
  1778 | D:2      | Killed Natasha
  1801 | D:2      | Noticed Natasha
  1809 | D:2      | Killed Natasha
  1810 | D:2      | Reached XP level 5. HP: 37/37 MP: 5/5
  1963 | D:3      | Noticed Robin
  1990 | D:3      | Killed Robin
  1991 | D:3      | HP: 1/37 [poisoned by a goblin]
  1992 | D:3      | Succumbed to a goblin's poison

Illustrated notes

Levels and vault maps discovered:
D:1:      arrival_zaba_pyramid, layout_basic
D:2:      layout_basic, ebering_ecumenical_altar_abandoned, uniq_natasha
D:3:      layout_loops_cross, mainiacjoe_overflow_swirl, serial_shops, shop,
          kennysheep_generic_room_12, uniq_grinder, uniq_robin

Skill      XL: |  1  2  3  4 |
---------------+-------------+-----
Polearms       | 3 |  3.1
Fighting       | |  3.9
Dodging        | |  3.9
Shields        | |  3.9

Action                   |  1- 3 |  4- 6 || total
-------------------------+-------+-------++-------
Melee: Trident           |    76 |    38 ||   114
       Tentacles         |     8 |     6 ||    14
       Constrict         |     9 |    12 ||    21
  Use: Potion            |     1 |       ||     1
 Stab: Sleeping          |     8 |       ||     8
Armor: Skin              |     4 |       ||     4
Dodge: Dodged            |    37 |    14 ||    51
Block: Buckler           |    19 |     4 ||    23

Table legend: (Time is in decaauts)
 A = Elapsed time spent in this place.
 B = Non-inter-level travel time spent in this place.
 C = Inter-level travel time spent in this place.
 D = Time resting spent in this place.
 E = Time spent auto-exploring this place.
 F = Levels seen in this place.
 G = Mean time per level.
                   A        B        C        D        E       F      G
               +--------+--------+--------+--------+--------+-----+--------+
         Total |   2012 |   1895 |    117 |      0 |   1598 |   3 |  670.7 |
       Dungeon |   2012 |   1895 |    117 |      0 |   1598 |   3 |  670.7 |
               +--------+--------+--------+--------+--------+-----+--------+

Top non-repeatable levels by time:
     D:1: 1100 daAuts
     D:2: 869 daAuts
     D:3: 43 daAuts
